Map: Oxide LE

Players

Neeb

  • Race: Protoss Protoss

Astrea - Winner!

  • Race: Protoss Protoss

Event: DreamHack SC2 Masters 2021 Fall

VOD

Have the link to the VOD?

Description

Time

  • Played on: Aug. 11, 2021, 3:22 p.m.
  • Length: 8:55

All games in this series

Show
View Real Time Build Order
Export as new Build Order

Neeb Protoss 

Build Orders: Oracle Opening 

Get SALT Encoding   

  12  0:00  Probe  
  13  0:12  Probe  
  14  0:19  Pylon  
  14  0:24  Probe  
  15  0:37  Probe (Chrono Boost)  
  15  0:38  Gateway  
  16  0:46  Assimilator, Probe (Chrono Boost)  
  17  0:51  Probe (Chrono Boost)  
  18  1:03  Probe (Chrono Boost)  
  19  1:10  Assimilator, Pylon  
  19  1:14  Probe (Chrono Boost)  
  20  1:20  Probe (Chrono Boost)  
  21  1:27  Cybernetics Core  
  21  1:31  Probe  
  23  1:52  Nexus  
  22  2:00  Probe  
  23  2:04  Stargate  
  23  2:07  Adept (Chrono Boost)  
  23  2:13  Probe  
  26  2:25  Probe  
  27  2:30  Stalker  
  28  2:39  Shield Battery  
  29  2:44  Pylon  
  28  2:51  Oracle  
  31  3:02  Probe  
  32  3:06  Probe  
  30  3:14  Probe  
  31  3:23  Probe (Chrono Boost)  
  31  3:26  Stalker, Warp Gate  
  33  3:27  Probe (Chrono Boost)  
  35  3:35  Probe (Chrono Boost)  
  35  3:38  Probe (Chrono Boost)  
  35  3:40  Probe (Chrono Boost)  
  36  3:42  Probe (Chrono Boost)  
  37  3:49  Probe  
  37  3:54  Probe  
  39  3:57  Gateway  
  39  4:00  Stalker (Chrono Boost)  
  42  4:05  Void Ray  
  42  4:06  Gateway  
  41  4:14  Probe x2  
  47  4:21  Shield Battery  
  47  4:26  Probe x2  
  49  4:37  Pylon  
  49  4:38  Twilight Council, Probe  
  49  4:40  Probe  
  51  4:51  Gateway, Probe  
  51  4:52  Gateway, Probe  
  53  5:03  Probe  
  53  5:04  Assimilator, Probe  
  55  5:11  Blink (Chrono Boost)  
  55  5:15  Probe, Dark Shrine  
  55  5:16  Probe  
  57  5:27  Stalker, Probe  
  60  5:29  Probe  
  60  5:31  Pylon  
  61  5:39  Probe  
  62  5:45  Nexus  
  62  5:46  Pylon  
  62  5:49  Probe  
  63  5:52  Assimilator  
  63  5:55  Stalker x2  
  63  5:56  Stalker  
  69  5:57  Probe  
  70  6:04  Probe  
  70  6:05  Pylon  
  70  6:09  Probe  
  70  6:10  Shield Battery  
  69  6:16  Probe  
  69  6:18  Stalker x2  
  74  6:24  Probe  
  75  6:27  Pylon  
  75  6:28  Dark Templar  
  75  6:32  Gateway  
  71  6:41  Probe  
  71  6:42  Dark Templar, Stalker  
  71  6:44  Probe  
  71  6:47  Gateway  
  71  6:53  Gateway  
  71  6:54  Probe  
  70  6:56  Probe  
  71  7:02  Probe  
  71  7:03  Forge  
  71  7:06  Probe  
  71  7:08  Probe  
  72  7:12  Stalker x2  
  72  7:14  Probe  
  77  7:15  Robotics Facility  
  77  7:19  Stalker, Probe  
  80  7:28  Stalker, Probe  
  83  7:34  Gateway  
  83  7:37  Gateway  
  83  7:41  Stalker x2  
  85  7:51  Zealot x4  
  93  8:04  Observer  
  94  8:05  Sentry  
  94  8:06  Zealot  
  98  8:13  Pylon  
  98  8:14  Pylon  
  98  8:17  Pylon  
  94  8:24  Probe  
  94  8:26  Probe x2  
  90  8:30  Pylon  
  90  8:31  Pylon  
  90  8:33  Pylon  
  90  8:38  Zealot x3  
  90  8:39  Zealot  
  94  8:47  Zealot x2  
  88  8:51  Pylon  
Show
View Real Time Build Order
Export as new Build Order

Astrea Protoss - Winner!

Build Orders: 1 Gate Expand 

Get SALT Encoding   

  12  0:00  Probe  
  13  0:12  Probe  
  14  0:18  Pylon  
  14  0:24  Probe  
  15  0:36  Probe  
  15  0:38  Gateway  
  16  0:48  Probe  
  17  1:10  Nexus  
  17  1:14  Assimilator  
  17  1:16  Probe  
  18  1:26  Cybernetics Core  
  18  1:28  Probe  
  19  1:35  Zealot  
  21  1:40  Probe  
  21  1:46  Pylon  
  22  1:52  Probe  
  23  1:58  Warp Gate (Chrono Boost)  
  23  2:01  Probe  
  23  2:03  Adept (Chrono Boost)  
  26  2:10  Probe  
  27  2:19  Probe  
  27  2:22  Probe  
  29  2:26  Adept  
  31  2:31  Probe  
  31  2:36  Probe  
  32  2:39  Gateway  
  32  2:44  Gateway  
  32  2:48  Probe  
  32  2:49  Probe  
  34  2:55  Assimilator  
  34  3:00  Probe  
  34  3:02  Probe  
  36  3:12  Probe  
  37  3:14  Shield Battery, Probe  
  38  3:22  Pylon  
  38  3:26  Probe  
  39  3:28  Shield Battery  
  39  3:33  Probe  
  38  3:40  Stalker x2  
  38  3:41  Stalker  
  44  3:42  Probe  
  44  3:45  Probe  
  44  3:49  Pylon  
  44  3:55  Probe  
  45  3:58  Stalker x2  
  45  4:00  Probe  
  50  4:04  Stalker  
  52  4:11  Twilight Council  
  52  4:14  Probe x2  
  54  4:26  Probe  
  54  4:27  Stalker  
  57  4:37  Nexus  
  56  4:40  Pylon, Blink (Chrono Boost)  
  56  4:41  Probe  
  56  4:42  Probe  
  58  4:53  Assimilator x2  
  58  4:55  Probe  
  58  4:56  Probe  
  60  5:07  Stalker x2, Probe  
  60  5:08  Probe  
  66  5:17  Pylon  
  66  5:19  Probe  
  66  5:20  Stalker, Probe  
  70  5:24  Robotics Facility  
  70  5:34  Pylon  
  70  5:35  Probe x2  
  70  5:37  Stalker x2  
  70  5:41  Pylon  
  76  5:49  Probe x2  
  78  5:51  Stalker  
  78  5:56  Shield Battery  
  81  6:01  Probe  
  81  6:02  Stalker x2  
  81  6:04  Probe  
  86  6:05  Probe  
  87  6:12  Observer  
  87  6:13  Probe  
  87  6:16  Probe  
  87  6:17  Forge, Probe  
  91  6:18  Charge (Chrono Boost)  
  91  6:29  Gateway  
  91  6:30  Gateway  
  89  6:37  Probe  
  86  6:44  Protoss Ground Weapons Level 1  
  82  6:48  Stalker x2  
  82  6:49  Observer (Chrono Boost)  
  87  6:57  Gateway x3  
  87  6:58  Gateway  
  87  6:59  Gateway, Probe x2  
  87  7:00  Probe  
  87  7:08  Warp Prism (Chrono Boost)  
  86  7:11  Probe x2  
  86  7:14  Stalker x2  
  94  7:18  Photon Cannon  
  94  7:25  Stalker x2  
  94  7:28  Pylon  
  98  7:38  Stalker  
  98  7:43  Pylon  
  100  7:44  Pylon  
  100  7:48  Stalker x2  
  100  7:49  Stalker, Robotics Bay  
  106  7:52  Stalker  
  108  8:12  Pylon  
  108  8:24  Stalker x6  
  108  8:25  Stalker x2  
  118  8:28  Nexus  
  118  8:31  Observer  
  116  8:49  Stalker x8  

Tags
 
Add a new tag
Caveats
  • Supply blocks, unpowered buildings, or Contaminate may cause inaccurate times.
  • Supply counts are checked every 10 seconds.